 Dungeon Crawl Stone Soup version 0.29.0-4-gdea44cf6ec (webtiles) character file.

Game seed: 4411554778215667470

200 sanka the Shooter (level 5, -1/29 HPs)
             Began as a Deep Elf Gladiator on Aug 26, 2022.
             Succumbed to a water moccasin's poison
             ... on level 4 of the Dungeon.
             The game lasted 00:05:48 (3455 turns).

sanka the Shooter (Deep Elf Gladiator)              Turns: 3455, Time: 00:05:49

Health: -1/29      AC:  5    Str: 18    XL:     5   Next: 48%
Magic:  7/7        EV: 13    Int: 15    God:
Gold:   50         SH:  0    Dex: 16    Spells: 4/4 levels left

rFire   . . .      SeeInvis .   a - +0 long sword
rCold   . . .      Faith    .   (no shield)
rNeg    . . .      Spirit   .   s - +1 leather armour "Eckitzit" {Str+7}
rPois   .          Reflect  .   o - +0 helmet
rElec   .          Harm     .   (no cloak)
rCorr   .          Rampage  .   (no gloves)
Will    .....                   (no boots)
Stlth   +.........              (no amulet)
HPRegen 0.09/turn               (no ring)
MPRegen 0.10/turn               (no ring)

@: lethally poisoned (-1 -> -25)
A: no striking features
a: no special abilities


You were on level 4 of the Dungeon.
You visited 1 branch of the dungeon, and saw 4 of its levels.

You collected 138 gold pieces.
You spent 88 gold pieces at shops.

Inventory:

Hand Weapons
 a - a +0 long sword (weapon)
 b - a +0 sling
Missiles
 d - 2 throwing nets (quivered)
 e - 3 javelins
Armour
 c - a +0 helmet
 o - a +0 helmet (worn)
 q - a +0 leather armour
 s - the +1 leather armour "Eckitzit" (worn) {Str+7}
   (You found it on level 3 of the Dungeon)

   Str:       It affects your strength (+7).
Jewellery
 t - a ring of fire
Scrolls
 g - 4 scrolls of blinking
 h - a scroll of enchant weapon
 k - a scroll of magic mapping
 l - a scroll of identify
 r - 2 scrolls of fear
Potions
 f - a potion of magic {unknown}
 i - 2 potions of attraction
 j - 2 potions of curing
 m - 2 potions of mutation {unknown}
 n - 2 potions of berserk rage {unknown}
 p - a potion of heal wounds


   Skills:
 - Level 1.5 Fighting
 - Level 4.5 Long Blades
 + Level 4.6 Ranged Weapons
 - Level 2.0 Throwing
 - Level 3.6 Dodging


You had 4 spell levels left.
You didn't know any spells.
Your spell library contained the following spells:

 Spells                   Type           Power      Damage    Failure   Level
 Summon Guardian Golem    Hex/Summ       0%         N/A       67%         3
 Anguish                  Hex/Necr       0%         N/A       97%         4
 Haunt                    Necr/Summ      0%         N/A       100%        7
 Orb of Destruction       Conj           0%         9d5       100%        7
 Spellforged Servitor     Conj/Summ      0%         N/A       100%        7
 Death's Door             Necr           0%         N/A       100%        9


Dungeon Overview and Level Annotations

Branches:
Dungeon (4/15)
 Temple: D:4-7

Altars:

Shops:
D:2 !   D:4 *

Annotations:
D:4 Dowan


Message History

The water moccasin hisses angrily.
There is a stone staircase leading up here.
You shoot a sling bullet.
The sling bullet closely misses the water moccasin.
You shoot a sling bullet.
The sling bullet closely misses the water moccasin.
You shoot a sling bullet.
The sling bullet closely misses the water moccasin.
The water moccasin bites you.
a - a +0 long sword (weapon)
You closely miss the water moccasin. The water moccasin bites you.
The water moccasin closely misses you.
You closely miss the water moccasin. The water moccasin barely misses you.
The water moccasin bites you.
Unknown command.
You barely miss the water moccasin. The water moccasin bites you.
Unknown command.
You hit the water moccasin.
The water moccasin is lightly wounded.
The water moccasin completely misses you.
The water moccasin bites you.
You are lethally poisoned!
The water moccasin poisons you!
Unknown command.
You closely miss the water moccasin.
The water moccasin is lightly wounded.
You feel very sick. The water moccasin bites you!
* * * LOW HITPOINT WARNING * * *
You are more poisoned.
The water moccasin poisons you!
The water moccasin completely misses you.
Throw: 3 throwing nets
Press: ? - help, Q - select action, (/) - cycle Shift-Dir - straight line, f/p - water moccasin
Aim: a water moccasin (lightly wounded, 42% to hit)
You throw a throwing net.
The throwing net hits the water moccasin.
The water moccasin is caught in the net!
The water moccasin is lightly wounded.
You die...

.. ##......## ##.....
#.####........## .......
#..............# #.......
#............# #.......
#.#..........###.......
...#....................
#.####......†....##.......
.. ##..†S.......##.......
#. ##....@................
.
.......................#.
.###..........>##..#####.
..............#...### ##
............#...#...####
................###....##
...........#...######....
<.......................
....♣~.♣♣.#########....


You could see a water moccasin (caught).

Vanquished Creatures
  An orc priest (D:3)
  A jelly (D:4)
  An iguana (D:4)
  5 adders
  2 worms (D:2)
  3 dart slugs
  3 orcs (D:3)
  4 endoplasms
  4 giant cockroaches
  A goblin (D:2)
  7 hobgoblins
  3 jackals (D:2)
  5 kobolds
  5 ball pythons
  8 bats
  3 frilled lizards
  6 rats
62 creatures vanquished.

Vanquished Creatures (others)
  A plant (D:4)
1 creature vanquished.

Grand Total: 63 creatures vanquished

Notes
Turn   | Place    | Note
-------+----------+-------------------------------------------
     0 | D:1      | sanka the Deep Elf Gladiator began the quest for the Orb.
     0 | D:1      | Reached XP level 1. HP: 12/12 MP: 3/3
   416 | D:1      | Reached XP level 2. HP: 15/16 MP: 4/4
   539 | D:1      | Found a faded altar of an unknown god.
   937 | D:2      | Reached XP level 3. HP: 20/20 MP: 5/5
  1962 | D:2      | Reached XP level 4. HP: 25/25 MP: 6/6
  2071 | D:2      | Found Pusazaem's Distillery.
  2077 | D:2      | Got Kikubaaqudgha's Meditations on Blasphemous Rites
  2085 | D:2      | Bought a potion of heal wounds for 55 gold pieces
  2830 | D:3      | Identified the +1 leather armour "Eckitzit" {Str+7}
  2911 | D:3      | Reached skill level 1 in Ranged Weapons
  3080 | D:2      | Bought a potion of curing for 33 gold pieces
  3284 | D:4      | Found Veyhic's General Store.
  3332 | D:4      | Reached XP level 5. HP: 29/29 MP: 7/7
  3365 | D:4      | Found Orusiu's General Store.
  3390 | D:4      | Noticed Dowan
  3440 | D:4      | Noticed a water moccasin
  3455 | D:4      | Succumbed to a water moccasin's poison

Illustrated notes

Levels and vault maps discovered:
D:1:      psy_arrival_radial01, layout_basic, chequers_ecumenical_altar_simple
D:2:      layout_basic, serial_shops, nicolae_square_shop
D:3:      layout_basic
D:4:      layout_rooms, minitemple, serial_shops, kennysheep_mini, shop,
          nicolae_shop_stone, nicolae_shop_waterfront, serial_bayou,
          serial_bayou_pond_d, serial_bayou_pond_d, serial_bayou_pond_e,
          serial_bayou_pond_a, uniq_robin, uniq_duvessa, uniq_sigmund

Skill      XL: |  1  2  3  4  5 |
---------------+----------------+-----
Long Blades    | 3 4 |  4.5
Ranged Weapons | 3 4 |  4.6
Fighting       | |  1.5
Throwing       | |  2.0
Dodging        | |  3.6

Action                   |  1- 3 |  4- 6 || total
-------------------------+-------+-------++-------
Melee: Long sword        |    89 |    43 ||   132
       Punch             |       |     1 ||     1
 Fire: Sling             |       |    60 ||    60
Throw: Throwing net      |       |     1 ||     1
  Use: Scroll            |       |     5 ||     5
 Stab: Sleeping          |     1 |     2 ||     3
Armor: Leather armour    |    16 |    15 ||    31
Dodge: Dodged            |    68 |    50 ||   118
